 Dungeon Crawl Stone Soup version 0.31-a0-1112-ga3593d9213 (webtiles) character file.

Game seed: 5344815263044901050

33 ONEDAYOUMAY the Firebug (level 3, 21/21 HPs)
             Began as an Octopode Fire Elementalist on Dec 4, 2023.
             Quit the game on level 1 of the Dungeon.
             The game lasted 00:08:12 (2073 turns).

ONEDAYOUMAY the Firebug (OpFE)                      Turns: 2073, Time: 00:08:12

Health: 21/21      AC:  1    Str:  7    XL:     3   Next: 29%
Magic:  2/7        EV: 13    Int: 19    God:
Gold:   24         SH:  0    Dex: 12    Spells: 1/7 levels left

rFire   . . .        e - +0 dagger
rCold   . . .        (no shield)
rNeg    . . .        (helmet restricted)
rPois   .            (no amulet)
rElec   .            (no ring)
rCorr   .            (no ring)
SInv    .            (no ring)
Will    .....        (no ring)
Stlth   +++          (no ring)
HPRegen 0.23/turn    (no ring)
MPRegen 0.10/turn    (no ring)
                     (no ring)

%: no passive effects
@: no status effects
A: almost no armour, amphibious, 8 rings, camouflage 1, gelatinous body 1,
(nimble swimmer 1), tentacles
a: no special abilities


You were on level 1 of the Dungeon.
You visited 1 branch of the dungeon, and saw 1 of its levels.

You collected 24 gold pieces.

Inventory:

Hand Weapons
 e - a +0 dagger (weapon)
Scrolls
 b - a scroll of torment {unknown}
Potions
 a - 2 potions of magic
 d - 2 potions of brilliance {unknown}


   Skills:
 - Level 2.1 Dodging
 - Level 2.7 Stealth
 - Level 0.2 Unarmed Combat
 * Level 2.7 Spellcasting
 - Level 1.2 Conjurations
 - Level 3.5 Fire Magic


You had one spell level left.
You knew the following spells:

 Your Spells              Type           Power      Damage    Failure   Level
a - Foxfire               Conj/Fire      44%        2x1d6     6%          1
b - Scorch                Fire           32%        2d6       5%          2
c - Inner Flame           Hex/Fire       9%         N/A       22%         3

Your spell library contained the following spells:

 Spells                   Type           Power      Damage    Failure   Level
 Volatile Blastmotes      Fire/Tloc      18%        2d11      22%         3
 Flame Wave               Conj/Fire      11%        2d6       52%         4


Dungeon Overview and Level Annotations

Branches:
Dungeon (1/15)

Altars:

Shops:
D:1 (


Innate Abilities, Weirdness & Mutations

You cannot wear most types of armour.
You are amphibious.
You can wear up to eight rings at the same time.
Your skin changes colour to match your surroundings (Stealth+).
Your rubbery body absorbs attacks. (AC +1, EV +1)
((You are camouflaged when in or above water. (Stealth+)))
You have tentacles for arms and can constrict up to eight enemies at once.


Message History

Confirm with . or Enter, or press ? or * to list all spells.
You conjure some foxfire!
The foxfire hits the quokka.
The quokka is almost dead.
The foxfire hits the quokka.
You kill the quokka!
You start resting.
A goblin is nearby!
The goblin shouts!
Casting: Foxfire (safe; 6% risk of failure)
Confirm with . or Enter, or press ? or * to list all spells.
You conjure some foxfire!
The foxfire hits the goblin.
You kill the goblin!
Your foxfire dissipates!
A bat comes into view.
The bat moves out of view.
Found 7 gold pieces and 7 stones.
Things that are here:
a +0 dagger; a goblin corpse
Found Nuex's Weapon Emporium.
You see here 7 gold pieces.
You now have 24 gold pieces (gained 7).
The bat misses you.
Casting: Foxfire (safe; 6% risk of failure)
Confirm with . or Enter, or press ? or * to list all spells.
You conjure some foxfire!
The bat completely misses you.
The foxfire hits the bat.
You kill the bat!
Your foxfire dissipates!
There is an entrance to Nuex's Weapon Emporium here.
Okay, then.
Okay, then.
Okay, then.
You have 24 gold pieces.
Okay, then.
You have 24 gold pieces.
You have 6 tentacles available for constriction.
Your movement speed is average.
Your attack delay is about 1.0.
Your damage rating with your +0 dagger is about 4 (Base 4 x 105% (Dex) x 100% (Skill)).
Okay, then.
Are you sure you want to abandon this character and quit the game? (Confirm with "yes".)

#.## #...... ..
...... .# ....#
.........# #... ...
....##...##..# #..
#.#.#.....#..#
#.###.#.#..(..#..#
#..##.#.#.....#$.#
##@∩.#.#.##...##...
#.......†###.###.#.
##...#.............
#...........).....
..............####.#
#.##.##..###..# #.#
#. #.##..# ##.# #.#
# #.##... .... ..#
#.###.## #..###.#


There were no monsters in sight!

Vanquished Creatures
  A gnoll (D:1)
  A ball python (D:1)
  4 endoplasms (D:1)
  A giant cockroach (D:1)
  2 hobgoblins (D:1)
  2 quokkas (D:1)
  A bat (D:1)
  2 frilled lizards (D:1)
  5 goblins (D:1)
  2 kobolds (D:1)
21 creatures vanquished.

Vanquished Creatures (others)
  33 foxfires (D:1)
33 creatures vanquished.

Grand Total: 54 creatures vanquished

Notes
Turn   | Place    | Note
-------+----------+-------------------------------------------
     0 | D:1      | ONEDAYOUMAY the Octopode Fire Elementalist began the quest
                  | for the Orb.
     0 | D:1      | Reached XP level 1. HP: 11/11 MP: 3/3
  1558 | D:1      | Reached XP level 2. HP: 17/17 MP: 0/5
  1702 | D:1      | Reached XP level 3. HP: 8/21 MP: 1/6
  2010 | D:1      | Learned a level 2 spell: Scorch
  2015 | D:1      | Learned a level 3 spell: Inner Flame
  2061 | D:1      | Found Nuex's Weapon Emporium.
  2073 | D:1      | Quit the game

Illustrated notes

Levels and vault maps discovered:
D:1:      minmay_arrival_doors, layout_loops_ring, serial_shops, shop,
          minmay_misc_feat_enclosed, serial_park_tiny_pond

Action                     || total
---------------------------++-------
  Melee: Unarmed           ||    13
         Constrict         ||     5
         Tentacles         ||     4
   Cast: Foxfire           ||    29
         Inner Flame       ||     1
    Use: Scroll            ||     2
 Armour: Skin              ||     4
  Dodge: Dodged            ||     9

Table legend: (Time is in decaauts)
 A = Elapsed time spent in this place.
 B = Non-inter-level travel time spent in this place.
 C = Inter-level travel time spent in this place.
 D = Time resting spent in this place.
 E = Time spent auto-exploring this place.
 F = Levels seen in this place.
 G = Mean time per level.
                   A        B        C        D        E       F      G
               +--------+--------+--------+--------+--------+-----+--------+
         Total |   2072 |   2072 |      0 |   1583 |    101 |   1 | 2072.0 |
       Dungeon |   2072 |   2072 |      0 |   1583 |    101 |   1 | 2072.0 |
               +--------+--------+--------+--------+--------+-----+--------+

Top non-repeatable levels by time:
     D:1: 2072 daAuts
